 Dungeon Crawl Stone Soup version 0.17.1-3-g152610e (webtiles) character file.

155 sveltemanboy the Insei (level 5, -2/41 HPs)
             Began as a Demonspawn Monk on Apr 14, 2016.
             Slain by barb4r1an's ghost (5 damage)
             ... on level 3 of the Dungeon.
             The game lasted 00:08:02 (3672 turns).

sveltemanboy the Insei (Demonspawn Monk)            Turns: 3672, Time: 00:08:03

Health: -2/41      AC: 11    Str: 12    XL:     5   Next: 14%
Magic:  5/5        EV: 13    Int: 11    God:
Gold:   67         SH:  0    Dex: 15    Spells: 0 memorised, 4 levels left

rFire  . . .     SeeInvis .     v - +0 rapier
rCold  + . .     Clarity  .     h - +0 leather armour
rNeg   . . .     SustAt   .     (no shield)
rPois  .         Gourm    .     m - +0 helmet
rElec  .         Spirit   .     t - +1 cloak
rCorr  .         Warding  .     u - +0 pair of gloves
rMut   .         Stasis   .     (no boots)
MR     .....                    (no amulet)
Stlth  +++.......               (no ring)
                                (no ring)

@: not resistant to hostile enchantments, fairly stealthy
A: rough black scales 1, cold resistance 1, nightstalker 1
a: no special abilities


You were on level 3 of the Dungeon.
You were not hungry.

You visited 1 branch of the dungeon, and saw 3 of its levels.

You collected 67 gold pieces.

Inventory:

Hand Weapons
 v - a +0 rapier (weapon)
Armour
 h - a +0 leather armour (worn)
 m - a +0 helmet (worn)
 t - a +1 cloak (worn)
 u - a +0 pair of gloves (worn)
Scrolls
 c - 2 scrolls of identify
 j - a scroll of enchant weapon
 q - 2 scrolls of remove curse {unknown}
Potions
 d - a potion of flight
 g - a potion of magic
 i - a potion of brilliance
Comestibles
 a - a slice of pizza
 b - 5 bread rations
 f - a beef jerky
 k - a meat ration


   Skills:
 - Level 3.4 Fighting
 * Level 2.0 Short Blades
 - Level 1.4 Armour
 - Level 3.0 Dodging
 + Level 3.4 Stealth
 - Level 3.6 Unarmed Combat


You had 4 spell levels left.
You didn't know any spells.

Dungeon Overview and Level Annotations

Branches:
Dungeon (3/15)

Altars:
Ru

Annotations:
D:3 barb4r1an's ghost, weakling GrFi


Innate Abilities, Weirdness & Mutations

You are partially covered in rough black scales (AC +4, Dex -1).
Your flesh is cold resistant.
You are slightly more attuned to the shadows.


Message History

You are too injured to fight recklessly!
Drink which item? (? for menu, Esc to quit)
You feel better. Barb4r1an's ghost barely misses you.
You hit barb4r1an's ghost but do no damage.
Barb4r1an's ghost is almost destroyed.
The hobgoblin hits you but does no damage.
Barb4r1an's ghost misses you.
You hit barb4r1an's ghost but do no damage.
Barb4r1an's ghost is almost destroyed.
The hobgoblin barely misses you. Barb4r1an's ghost hits you.
You hit barb4r1an's ghost but do no damage.
Barb4r1an's ghost is almost destroyed.
Barb4r1an's ghost hits you!
* * * LOW HITPOINT WARNING * * *
The hobgoblin misses you.
You barely miss barb4r1an's ghost.
Barb4r1an's ghost is almost destroyed.
Barb4r1an's ghost barely misses you. The hobgoblin completely misses you.
Barb4r1an's ghost hits you.
You die...

#..#.#.#.#.#.#.#.#.#.....
###.#.# #.#.#.#.#.#.#.#.#
#.#.# #.#.#.#.#.#.#. ##.#
.#.#.#.#.#.#.# #.#.#
#...#.#.#.#.#. ##.#.# #..
.#.#.#.#.# #.#.#.# #.#
.#.#.#.# ##.#.#.#.#.
#.#.#.#
#.#.#.#@#.#.#.#.#.#.#.#.
##.#.#g#W#.#.#.#.#.<.#.#
#.#.#.#.#.#.#.#.#.#.#.#.
#####.#.#.#.#.#.#.#.#.#.#.#
.........#.#.....#.#.#.#.#.
####.'#######'.#.#.#.#.#.#
#..#...#...#..#.#)#.#.#.
##.#.).#...#.#.#.#.#.#.#
#.#.......#############


You could see barb4r1an's ghost and a hobgoblin.

Vanquished Creatures
  An orc wizard (D:3)
  6 adders
  3 oozes
  A worm (D:3)
  2 giant geckos (D:1)
  3 orcs (D:3)
  9 bats
  6 giant cockroaches
  7 goblins
  5 hobgoblins
  3 jackals (D:1)
  2 quokkas (D:2)
  5 kobolds
  6 rats
59 creatures vanquished.

Notes
Turn   | Place    | Note
--------------------------------------------------------------
     0 | D:1      | sveltemanboy the Demonspawn Monk began the quest for the Orb.
     0 | D:1      | Reached XP level 1. HP: 18/18 MP: 1/1
   273 | D:1      | Gained mutation: Your flesh is cold resistant. [demonic ancestry]
   273 | D:1      | Reached XP level 2. HP: 24/24 MP: 2/2
   322 | D:1      | Reached skill level 1 in Armour
   642 | D:1      | Gained mutation: You are slightly more attuned to the shadows. [demonic ancestry]
   642 | D:1      | Reached XP level 3. HP: 16/29 MP: 3/3
  2294 | D:2      | Reached XP level 4. HP: 25/35 MP: 4/4
  2683 | D:3      | Reached skill level 1 in Short Blades
  2859 | D:3      | Noticed barb4r1an's ghost (weakling GrFi)
  3625 | D:3      | Found a sacrificial altar of Ru.
  3638 | D:3      | Gained mutation: You are partially covered in rough black scales (AC +4, Dex -1). [demonic ancestry]
  3638 | D:3      | Reached XP level 5. HP: 41/41 MP: 5/5
  3672 | D:3      | Slain by barb4r1an's ghost

Action                   |  1- 3 |  4- 6 || total
-------------------------+-------+-------++-------
Melee: Unarmed           |   174 |     8 ||   182
       Rapier            |       |   104 ||   104
       Short sword       |       |     9 ||     9
  Use: Scroll            |       |     8 ||     8
       Potion            |       |     6 ||     6
 Stab: Sleeping          |     7 |    10 ||    17
       Distracted        |     1 |       ||     1
  Eat: Chunk             |     4 |     5 ||     9
